 Dungeon Crawl Stone Soup version 0.22.1-1-ga44c0e56f4 (webtiles) character file.

805 Gunterle the Digger (level 7, -1/57 HPs)
             Began as a Demigod Earth Elementalist on Oct 7, 2018.
             Slain by a bullfrog (6 damage)
             ... on level 8 of the Dungeon on Oct 8, 2018.
             The game lasted 00:38:39 (6033 turns).

Gunterle the Digger (Demigod Earth Elementalist)    Turns: 6033, Time: 00:38:42

Health: -1/57      AC:  2    Str: 11    XL:     7   Next: 33%
Magic:  5/15       EV: 14    Int: 23    God:
Gold:   186        SH:  0    Dex: 16    Spells: 7/13 levels left

rFire    + . .     SeeInvis .   o - +2 hunting sling (freeze)
rCold    . . .     Gourm    .   (no shield)
rNeg     . . .     Faith    .   c - +0 robe
rPois    .         Spirit   .   (no helmet)
rElec    .         Reflect  .   (no cloak)
rCorr    .         Harm     .   (no gloves)
MR       .....                  (no boots)
Stlth    ++........             (no amulet)
HPRegen  0.19/turn              y - ring of protection from fire
MPRegen  0.14/turn              (no ring)

@: no status effects
A: high mp 1
a: no special abilities


You were on level 8 of the Dungeon.
You were not hungry.

You visited 1 branch of the dungeon, and saw 6 of its levels.

You collected 186 gold pieces.

Inventory:

Hand Weapons
 e - a +1 short sword of freezing
 m - a +0 spear
 n - a +0 whip
 o - a +2 hunting sling of freezing (weapon)
 E - a +0 halberd
Missiles
 b - 104 stones
 q - 55 sling bullets (quivered)
 v - 4 tomahawks
 A - 42 arrows
 B - 7 bolts
 D - 2 throwing nets
Armour
 c - a +0 robe (worn)
 j - a +0 shield
 t - a +4 ring mail
Jewellery
 y - a ring of protection from fire (left hand)
Wands
 H - a wand of iceblast (10)
Scrolls
 p - a scroll of random uselessness
 r - 2 scrolls of amnesia
 s - a scroll of remove curse
 u - a scroll of enchant weapon
Potions
 a - a potion of heal wounds {unknown}
 f - a potion of resistance {unknown}
 g - 2 potions of degeneration {unknown}
 h - 2 potions of invisibility {unknown}
 i - 4 potions of curing
 k - 2 potions of mutation
 l - 4 potions of lignification
 w - a potion of berserk rage {unknown}
 x - a potion of agility {unknown}
 z - a potion of haste {unknown}
 C - a potion of brilliance {unknown}
 F - a potion of might {unknown}
Comestibles
 d - 8 rations
 G - 3 chunks of flesh


   Skills:
 + Level 3.0 Fighting
 + Level 2.2 Armour
 + Level 3.6 Dodging
 - Level 1.7 Stealth
 + Level 3.5 Spellcasting
 - Level 0.8 Transmutations
 * Level 5.2 Earth Magic


You had 7 spell levels left.
You knew the following spells:

 Your Spells              Type           Power        Failure   Level  Hunger
a - Sandblast             Erth           ####..       1%          1    None
b - Passwall              Tmut/Erth      ###.....     4%          2    #......
c - Stone Arrow           Conj/Erth      ###...       11%         3    ###....

Your spell library contained the following spells:

 Spells                   Type           Power        Failure   Level  Hunger
 Petrify                  Tmut/Erth      ###.....     30%         4    ####...
 Lee's Rapid Deconstruct  Erth           ####......   34%         5    ######.


Dungeon Overview and Level Annotations

Branches:
Dungeon (5/15)
 Temple: D:4-7


Innate Abilities, Weirdness & Mutations

You have an increased reservoir of magic. (+10% MP)


Message History

Confirm with . or Enter, or press ? or * to list all spells.
Aiming: Passwall (safe; 4% risk of failure)
Press: ? - help, Dir - move target cursor A rock wall.
This rock feels extremely deep.
The centaur shoots an arrow.
The arrow misses you.
The arrow completely misses the bullfrog.
The bullfrog completely misses you. The orc misses you.
The orc hits you with a mace.
* * * LOW HITPOINT WARNING * * *
The bullfrog hits you.
* * * LOW HITPOINT WARNING * * *
The bullfrog barely misses you. The orc barely misses you.
You feel better. The bullfrog barely misses you. The orc barely misses you.
The orc misses you.
The centaur unwields an uncursed shortbow.
The centaur hits you.
* * * LOW HITPOINT WARNING * * *
The bullfrog hits you.
You die...

##...#
####....#
#.......#
#......#
#......#
#(...o##
#oo...#
#ooc$##
#F@..#
#....##
#(...#
#...##
#....
#....
#.....
#.....


You could see a bullfrog, a centaur, an orc wizard and 4 orcs.

Vanquished Creatures
  Grinder (D:4)
  A phantom (D:5)
  A centaur (D:5)
  A scorpion (D:4)
  A howler monkey (D:5)
  2 hounds (D:4)
  A jelly (D:5)
  A centaur skeleton (D:4)
  3 worker ants
  4 gnolls (D:3)
  A howler monkey skeleton (D:4)
  4 adders
  An ooze (D:4)
  An adder skeleton (D:3)
  An adder zombie (D:5)
  A dart slug (D:1)
  4 leopard geckos
  3 orcs
  5 bats
  10 giant cockroaches
  4 goblins
  A hobgoblin (D:3)
  A ball python (D:4)
  13 frilled lizards
  8 kobolds
  10 rats
84 creatures vanquished.

Notes
Turn   | Place    | Note
-------+----------+-------------------------------------------
     0 | D:1      | Gunterle the Demigod Earth Elementalist began the quest for
                  | the Orb.
     0 | D:1      | Reached XP level 1. HP: 14/14 MP: 5/5
   587 | D:1      | Reached XP level 2. HP: 22/22 MP: 5/7
   735 | D:1      | Learned a level 2 spell: Passwall
  1005 | D:1      | Reached skill level 3 in Earth Magic
  1393 | D:2      | Reached skill level 1 in Fighting
  1393 | D:2      | Reached XP level 3. HP: 21/28 MP: 5/8
  1695 | D:1      | Learned a level 3 spell: Stone Arrow
  3073 | D:3      | Found a stormy altar of Qazlal.
  3119 | D:3      | Reached XP level 4. HP: 35/35 MP: 6/10
  4113 | D:3      | Reached XP level 5. HP: 41/41 MP: 9/11
  4697 | D:4      | Reached skill level 4 in Earth Magic
  4949 | D:4      | Reached skill level 1 in Armour
  5046 | D:4      | Noticed Grinder
  5063 | D:4      | Killed Grinder
  5063 | D:4      | Reached XP level 6. HP: 8/50 MP: 2/13
  5849 | D:5      | Entered Level 5 of the Dungeon
  5918 | D:5      | Reached XP level 7. HP: 46/56 MP: 4/15
  5952 | D:5      | Reached skill level 5 in Earth Magic
  6025 | D:5      | You fall through a shaft for 3 floors!
  6033 | D:8      | Slain by a bullfrog

Skill      XL: |  1  2  3  4  5  6  7 |
---------------+----------------------+-----
Dodging        | 2 3 |  3.6
Spellcasting   | 2 3 |  3.5
Earth Magic    | 3 4 5 |  5.2
Fighting       | 1 2 3 |  3.0
Armour         | 1 2 |  2.2
Stealth        | |  1.7
Transmutations | |  0.8

Action                   |  1- 3 |  4- 6 |  7- 9 || total
-------------------------+-------+-------+-------++-------
Melee: Unarmed           |     4 |       |       ||     4
       Short sword       |    33 |    10 |     6 ||    49
 Fire: Hunting sling     |       |    10 |    11 ||    21
Throw: Throwing net      |       |     3 |       ||     3
 Cast: Sandblast         |    59 |    38 |    10 ||   107
       Stone Arrow       |     4 |    15 |       ||    19
       Passwall          |     1 |       |     3 ||     4
  Use: Scroll            |     2 |     7 |     1 ||    10
       Potion            |       |       |     1 ||     1
 Stab: Sleeping          |     1 |     2 |       ||     3
  Eat: Chunk             |     8 |    10 |       ||    18
Armor: Robe              |    11 |     2 |     1 ||    14
Dodge: Dodged            |    31 |    15 |    20 ||    66
